 Dungeon Crawl Stone Soup version 0.28.0-47-ge53b351184 (webtiles) character file.

Game seed: 983086306129526649

122 Iusername the Covered (level 4, 0/41 HPs)
             Began as a Minotaur Fighter on May 2, 2022.
             Succumbed to a gnoll's poison
             ... on level 3 of the Dungeon.
             The game lasted 00:03:17 (1491 turns).

Iusername the Covered (Minotaur Fighter)            Turns: 1491, Time: 00:03:17

Health: 0/41       AC:  7    Str: 20    XL:     4   Next: 78%
Magic:  3/3        EV: 13    Int:  7    God:
Gold:   110        SH:  4    Dex: 10    Spells: 3/3 levels left

rFire   . . .      SeeInvis .   a - +0 long sword
rCold   . . .      Faith    .   c - +0 buckler
rNeg    . . .      Spirit   .   b - +0 scale mail
rPois   .          Reflect  .   (helmet restricted)
rElec   .          Harm     .   (no cloak)
rCorr   .          Rampage  .   (no gloves)
Will    .....                   (no boots)
Stlth   ..........              (no amulet)
HPRegen 0.13/turn               g - +4 ring of evasion
MPRegen 0.08/turn               (no ring)

@: mighty, lethally poisoned (0 -> -5)
A: horns 2, retaliatory headbutt
a: no special abilities


You were on level 3 of the Dungeon.
You visited 1 branch of the dungeon, and saw 3 of its levels.

You collected 110 gold pieces.

Inventory:

Hand Weapons
 a - a +0 long sword (weapon)
Armour
 b - a +0 scale mail (worn)
 c - a +0 buckler (worn)
Jewellery
 g - a +4 ring of evasion (left hand)
Scrolls
 h - a scroll of identify {unknown}
Potions
 e - 2 potions of degeneration {unknown}
 f - 2 potions of curing {unknown}
 i - a potion of resistance {unknown}


   Skills:
 + Level 4.4 Fighting
 + Level 4.2 Long Blades
 + Level 4.5 Armour
 + Level 0.5 Dodging
 + Level 4.2 Shields


You had 3 spell levels left.
You didn't know any spells.
Your spell library was empty.

Dungeon Overview and Level Annotations

Branches:
Dungeon (3/15)

Altars:

Shops:
D:2 *[=


Innate Abilities, Weirdness & Mutations

You have a pair of horns on your head.
You reflexively headbutt those who attack you in melee.


Message History

You feel extremely sick. The jackal closely misses you.
You furiously retaliate!
You headbutt the jackal!
You kill the jackal!
The jackal closely misses you. You block the gnoll's attack.
The gnoll barely misses you. You block the jackal's attack.
You slice the jackal!!
You kill the jackal!
You feel very sick. The jackal misses you.
An adder comes into view.
You block the gnoll's attack. The gnoll hits you but does no damage.
The jackal misses you. x2; You furiously retaliate!
You headbutt the jackal!
You kill the jackal!
Unknown command.
You completely miss the jackal.
You feel very sick.
The adder hisses angrily.
You block the gnoll's attack. You block the jackal's attack.
The gnoll hits you but does no damage. The jackal closely misses you.
The gnoll hits you with a +0 whip.
* * * LOW HITPOINT WARNING * * *
The jackal bites you.
* * * LOW HITPOINT WARNING * * *
The gnoll barely misses you. You furiously retaliate!
You headbutt the gnoll! You slice the gnoll!!
You kill the gnoll!
* * * LOW HITPOINT WARNING * * *
You feel very sick.
The jackal bites you but does no damage. x2
You block the gnoll's attack. The jackal misses you. You furiously retaliate!
You headbutt the jackal, but do no damage.
You barely miss the hobgoblin. You headbutt the hobgoblin.
You kill the hobgoblin!
* * * LOW HITPOINT WARNING * * *
You feel sick. You block the jackal's attack. The jackal misses you.
The gnoll hits you with a +0 club.
* * * LOW HITPOINT WARNING * * *
You block the jackal's attack.
You die...

########
##......##
##........##
#...........
#.........?. #
#...........
#..#..........#
#....<@S.....#
####...h......
#..g)h......
#...........
#..(........
#.....!.....
...........#
............#
#.............


You could see a gnoll, an adder and 2 jackals.

Vanquished Creatures
  A hound skeleton (D:2)
  3 adders (D:2)
  2 gnolls (D:3)
  A worm (D:2)
  A dart slug (D:1)
  3 ball pythons
  7 endoplasms
  3 giant cockroaches (D:1)
  5 hobgoblins
  5 jackals (D:3)
  3 kobolds (D:1)
  3 quokkas
  4 bats
  4 frilled lizards
  7 goblins
  3 rats (D:1)
55 creatures vanquished.

Notes
Turn   | Place    | Note
-------+----------+-------------------------------------------
     0 | D:1      | Iusername the Minotaur Fighter began the quest for the Orb.
     0 | D:1      | Reached XP level 1. HP: 19/19 MP: 0/0
   144 | D:1      | Reached XP level 2. HP: 27/27 MP: 1/1
   522 | D:1      | Reached XP level 3. HP: 33/33 MP: 2/2
   740 | D:1      | Found a faded altar of an unknown god.
   987 | D:2      | Found Qodd's Jewellery Boutique.
  1046 | D:2      | Reached XP level 4. HP: 40/40 MP: 3/3
  1126 | D:2      | Found Melirgh's General Store.
  1139 | D:2      | Found Gucay's Armour Emporium.
  1490 | D:3      | HP: 2/41 [gnoll/+0 club (3)]
  1491 | D:3      | Succumbed to a gnoll's poison

Illustrated notes

Levels and vault maps discovered:
D:1:      dpeg_arrival_leaves_temple_mockup, layout_basic,
          shapermc_ecumenical_altar_mp_highgroup
D:2:      layout_rooms, serial_shops, shop, shop_fountains,
          nicolae_shop_hallway_stairs, minmay_strange_pillars
D:3:      layout_rooms, serial_shops, nicolae_shop_hallway_plus, minmay_cut_off

Skill      XL: |  1  2  3  4 |
---------------+-------------+-----
Fighting       | 4 |  4.4
Armour         | 4 |  4.5
Long Blades    | 3 4 |  4.2
Shields        | 4 |  4.2
Dodging        | |  0.5

Action                   |  1- 3 |  4- 6 || total
-------------------------+-------+-------++-------
Melee: Long sword        |    80 |    31 ||   111
       Headbutt          |    13 |     4 ||    17
  Use: Potion            |       |     1 ||     1
Armor: Scale mail        |    42 |    15 ||    57
Dodge: Dodged            |    43 |    28 ||    71
Block: Buckler           |    15 |    14 ||    29
